 Dungeon Crawl Stone Soup version 0.29-a0-451-gfbfa42419e (webtiles) character file.

Game seed: 4260389008155866488

17 dabmancer the Magician (level 2, 0/17 HPs)
             Began as an Octopode Hedge Wizard on May 19, 2022.
             Slain by a gnoll
             ... wielding a +0 spear
              (8 damage)
             ... on level 1 of the Dungeon.
             The game lasted 00:04:33 (1014 turns).

dabmancer the Magician (Octopode Hedge Wizard)      Turns: 1014, Time: 00:04:34

Health: 0/17       AC:  1    Str:  9    XL:     2   Next: 62%
Magic:  1/6        EV: 13    Int: 16    God:
Gold:   24         SH:  0    Dex: 11    Spells: 4/7 levels left

rFire   . . .      SeeInvis .   d - +2 dagger (venom)
rCold   . . .      Faith    .   (no shield)
rNeg    . . .      Spirit   .   b - +0 hat
rPois   .          Reflect  .   (no amulet)
rElec   .          Harm     .   (no ring)
rCorr   .          Rampage  .   (no ring)
Will    .....                   (no ring)
Stlth   +++.......              (no ring)
HPRegen 0.05/turn               (no ring)
MPRegen 0.10/turn               (no ring)
                                (no ring)
                                (no ring)

@: no status effects
A: almost no armour, amphibious, 8 rings, camouflage 1, gelatinous body 1,
(nimble swimmer 1), tentacles
a: no special abilities


You were on level 1 of the Dungeon.
You visited 1 branch of the dungeon, and saw 1 of its levels.

You collected 24 gold pieces.

Inventory:

Hand Weapons
 a - a +0 dagger
 d - a +2 dagger of venom (weapon)
Missiles
 e - 30 stones (quivered)
Armour
 b - a +0 hat (worn)
Scrolls
 f - a scroll of immolation {unknown}
 g - a scroll of poison {unknown}
Potions
 c - a potion of magic


   Skills:
 + Level 2.4 Dodging
 + Level 2.7 Stealth
 + Level 3.4 Spellcasting
 + Level 1.1 Conjurations
 + Level 1.0 Summonings
 + Level 1.0 Translocations


You had 4 spell levels left.
You knew the following spells:

 Your Spells              Type           Power      Damage    Failure   Level
a - Magic Dart            Conj           24%        1d4       11%         1
b - Blink                 Tloc           10%        N/A       19%         2

Your spell library contained the following spells:

 Spells                   Type           Power      Damage    Failure   Level
 Slow                     Hex            8%         N/A       19%         1
 Call Imp                 Summ           5%         N/A       19%         2
 Conjure Flame            Conj/Fire      4%         6-21      38%         3
 Mephitic Cloud           Conj/Pois/Air  3%         N/A       43%         3


Dungeon Overview and Level Annotations

Branches:
Dungeon (1/15)

Altars:


Innate Abilities, Weirdness & Mutations

You cannot wear most types of armour.
You are amphibious.
You can wear up to eight rings at the same time.
Your skin changes colour to match your surroundings (Stealth+).
Your rubbery body absorbs attacks. (AC +1, EV +1)
((You are camouflaged when in or above water. (Stealth+)))
You have tentacles for arms and can constrict up to eight enemies at once.


Message History

The quokka is severely wounded.
The magic dart hits the quokka.
You kill the quokka!
Things that are here:
a +0 club; a goblin corpse You now have 24 gold pieces (gained 10).
You see here a ball python corpse.
A rat comes into view.
The magic dart hits the rat.
You kill the rat!
A gnoll comes into view. It is wielding a +0 spear.
Found a scroll labelled QAJI NUALIWNIT.
The magic dart hits the gnoll.
The gnoll is lightly wounded.
The magic dart hits the gnoll.
The gnoll is moderately wounded.
You miscast Magic Dart.
You are very lightly contaminated with residual magic.
Nothing appears to happen.
The magic dart hits the gnoll.
The gnoll is moderately wounded.
The magic dart hits the gnoll.
The gnoll is heavily wounded.
The gnoll hits you from afar with a +0 spear!
The magic dart hits the gnoll.
The gnoll is severely wounded.
The gnoll hits you from afar with a +0 spear.
You are too injured to fight recklessly!
Your magical contamination has completely faded away.
You are too injured to fight recklessly!
Okay, then.
Throw: 31 stones
Press: ? - help, Q - select action, (/) - cycle Shift-Dir - straight line, f/p - gnoll
Aim: a gnoll, wielding a +0 spear (severely wounded, 58% to hit)
You throw a stone.
The stone hits the gnoll but does no damage.
The gnoll is severely wounded.
The gnoll closely misses you. The gnoll hits you with a +0 spear!
You die...

##.#......##..#
#####.......##...
...........###..#
#####.#..#......####...
##......##.....?.... #
#......###.#.# ####...####
#.#.## .......# ####...g# #+#
####..## #.....#@# ##.## #
#..# #.###...###...# ### #..#
#........##...###.## ###..#
####.....#.....#...# ##....#
###......#.....#...#
##.#.#####........#..8..'.<.#
##.#..†....#......#.....#...#
##.##########.....#.....#...#
##.# ##...###...###.##


You could see a gnoll.

Vanquished Creatures
  A giant cockroach (D:1)
  2 goblins (D:1)
  2 hobgoblins (D:1)
  2 kobolds (D:1)
  A quokka (D:1)
  2 ball pythons (D:1)
  A bat (D:1)
  3 frilled lizards (D:1)
  3 rats (D:1)
17 creatures vanquished.

Notes
Turn   | Place    | Note
-------+----------+-------------------------------------------
     0 | D:1      | dabmancer the Octopode Hedge Wizard began the quest for the
                  | Orb.
     0 | D:1      | Reached XP level 1. HP: 11/11 MP: 4/4
   334 | D:1      | Found a faded altar of an unknown god.
   534 | D:1      | Reached XP level 2. HP: 17/17 MP: 4/6
   805 | D:1      | Learned a level 2 spell: Blink
  1014 | D:1      | Slain by a gnoll

Illustrated notes

Levels and vault maps discovered:
D:1:      minmay_arrival_shattered_statue, layout_loops_ring,
          shapermc_ecumenical_altar_pompeii, hex_medium

Action                   || total
-------------------------++-------
Melee: Dagger            ||    11
       Constrict         ||     3
       Punch             ||     1
Throw: Stone             ||     1
 Cast: Magic Dart        ||    34
Dodge: Dodged            ||     5

Table legend: (Time is in decaauts)
 A = Elapsed time spent in this place.
 B = Non-inter-level travel time spent in this place.
 C = Inter-level travel time spent in this place.
 D = Time resting spent in this place.
 E = Time spent auto-exploring this place.
 F = Levels seen in this place.
 G = Mean time per level.
                   A        B        C        D        E       F      G
               +--------+--------+--------+--------+--------+-----+--------+
         Total |   1013 |   1013 |      0 |    485 |    395 |   1 | 1013.0 |
       Dungeon |   1013 |   1013 |      0 |    485 |    395 |   1 | 1013.0 |
               +--------+--------+--------+--------+--------+-----+--------+

Top non-repeatable levels by time:
     D:1: 1013 daAuts
